| TOP OF THE 1ST |
|
Lansing Lugnuts batting - Pitching for Hickory Crawdads : LHP Ramon Escobedo
|
|
Pitching: LHP Ramon Escobedo
|
|
|
Batting: RHB Elliot Manfredini
|
0-0: Called Strike 0-1: Ball 1-1: SINGLE (Groundball, 4MD, EV 110.6 MPH) (infield hit)
|
|
Batting: RHB Finn Ross
|
0-0: SINGLE (Flyball, 8LS, EV 88.1 MPH) Elliot Manfredini to second
|
|
Batting: RHB Takanibu Kaneshiro
|
0-0: Ball 1-0: Swinging Strike 1-1: Swinging Strike 1-2: Ball 2-2: Foul Ball, location: 2F 2-2: Foul Ball, location: 2F 2-2: Fly out, F7 (Flyball, 78D, EV 88.1 MPH)
|
|
Batting: LHB David Ramirez
|
0-0: Ball 1-0: Called Strike 1-1: Foul Ball, location: 2F 1-2: Strikes out swinging
|
|
Batting: RHB Luis Reyes
|
0-0: Swinging Strike 0-1: Swinging Strike 0-2: Ball 1-2: Ball 2-2: Strikes out looking
|
| Top of the 1st over - 0 runs, 2 hits, 0 errors, 2 left on base; Lansing 0 - Hickory 0 |
| BOTTOM OF THE 1ST |
|
Hickory Crawdads batting - Pitching for Lansing Lugnuts : RHP Mike Moon
|
|
Pitching: RHP Mike Moon
|
|
|
Batting: LHB Franklin Quezada
|
0-0: Foul Ball, location: 2F 0-1: Swinging Strike 0-2: Strikes out swinging
|
|
Batting: RHB Theo van Gent
|
0-0: Foul Ball, location: 2F 0-1: Ball 1-1: Swinging Strike 1-2: Strikes out swinging
|
|
Batting: LHB Ben Radach
|
0-0: Ball 1-0: Ball 2-0: Ball 3-0: Called Strike 3-1: Base on Balls
|
|
Batting: LHB Casper Kersten
|
0-0: Ball 1-0: Foul Ball, location: 2F 1-1: Foul Ball, location: 2F 1-2: Fly out, F8 (Line Drive, 8RM, EV 100.6 MPH)
|
| Bottom of the 1st over - 0 runs, 0 hits, 0 errors, 1 left on base; Lansing 0 - Hickory 0 |
| TOP OF THE 2ND |
|
Lansing Lugnuts batting - Pitching for Hickory Crawdads : LHP Ramon Escobedo
|
|
Batting: RHB Darren McCarty Jr.
|
0-0: Swinging Strike 0-1: Ball 1-1: Ball 2-1: Ball 3-1: Ground out 4-3 (Groundball, 4, EV 106.3 MPH)
|
|
Batting: LHB Cedric Saunders
|
0-0: Called Strike 0-1: Called Strike 0-2: Ball 1-2: Ball 2-2: Ball 3-2: Fly out, F8 (Flyball, 78XD, EV 85.6 MPH)
|
|
Batting: LHB Dan Martinez
|
0-0: Ground out 4-3 (Groundball, 4, EV 85.0 MPH)
|
| Top of the 2nd over - 0 runs, 0 hits, 0 errors, 0 left on base; Lansing 0 - Hickory 0 |
| BOTTOM OF THE 2ND |
|
Hickory Crawdads batting - Pitching for Lansing Lugnuts : RHP Mike Moon
|
|
Batting: RHB Jason Swisher
|
0-0: Called Strike 0-1: Ball 1-1: Ball 2-1: Foul Ball, location: 2F 2-2: Strikes out swinging
|
|
Batting: RHB Luke Stark
|
0-0: Swinging Strike 0-1: Ball 1-1: Foul Ball, location: 2F 1-2: Ball 2-2: Ball 3-2: SINGLE (Groundball, 34D, EV 105.6 MPH)
|
|
Batting: SHB Santos Renteria
|
0-0: Ball 1-0: Ball 2-0: Ball 3-0: Base on Balls Luke Stark to second
|
|
Batting: RHB Adryão Anto
|
0-0: Called Strike Luke Stark steals 3rd base Santos Renteria to second 0-1: Called Strike 0-2: Ball 1-2: Ball 2-2: Strikes out swinging
|
|
Batting: RHB Jason Sher
|
0-0: Ball 1-0: Ball 2-0: Foul Ball, location: 2F 2-1: Foul Ball, location: 2F 2-2: Ball 3-2: Strikes out swinging
|
| Bottom of the 2nd over - 0 runs, 1 hit, 0 errors, 2 left on base; Lansing 0 - Hickory 0 |
| TOP OF THE 3RD |
|
Lansing Lugnuts batting - Pitching for Hickory Crawdads : LHP Ramon Escobedo
|
|
Batting: RHB Ivan Ramirez
|
0-0: Ball 1-0: Foul Ball, location: 2F 1-1: Foul Ball, location: 2F 1-2: Ball 2-2: Foul Ball, location: 2F 2-2: Foul Ball, location: 2F 2-2: Ball 3-2: Fly out, F7 (Flyball, 7LS, EV 95.6 MPH)
|
|
Batting: RHB Elliot Manfredini
|
0-0: Ball 1-0: Fly out, F4 (Popup, 4S, EV 63.1 MPH)
|
|
Batting: RHB Finn Ross
|
0-0: Swinging Strike 0-1: Ball 1-1: Foul Ball, location: 2F 1-2: SINGLE (Line Drive, 7S, EV 98.1 MPH)
|
|
Batting: RHB Takanibu Kaneshiro
|
0-0: Ball 1-0: Called Strike 1-1: Swinging Strike 1-2: Ground out 6-3 (Groundball, 6S, EV 85.6 MPH)
|
| Top of the 3rd over - 0 runs, 1 hit, 0 errors, 1 left on base; Lansing 0 - Hickory 0 |
| BOTTOM OF THE 3RD |
|
Hickory Crawdads batting - Pitching for Lansing Lugnuts : RHP Mike Moon
|
|
Batting: LHB Franklin Quezada
|
0-0: Called Strike 0-1: SOLO HOME RUN (Flyball, 9D, EV 100.6 MPH), Distance : 375 ft
|
|
Batting: RHB Theo van Gent
|
0-0: Ball 1-0: Ball 2-0: Ground out 6-3 (Groundball, 6S, EV 68.1 MPH)
|
|
Batting: LHB Ben Radach
|
0-0: Ball 1-0: Swinging Strike 1-1: Ball 2-1: Foul Ball, location: 2F 2-2: Ball 3-2: Foul Ball, location: 2F 3-2: Foul Ball, location: 2F 3-2: Strikes out looking
|
|
Batting: LHB Casper Kersten
|
0-0: SINGLE (Groundball, 25, EV 63.8 MPH) (infield hit)
|
|
Batting: RHB Jason Swisher
|
0-0: Ball 1-0: Swinging Strike 1-1: Ball 2-1: Ground out 5-3 (Groundball, 56S, EV 70.6 MPH)
|
| Bottom of the 3rd over - 1 run, 2 hits, 0 errors, 1 left on base; Lansing 0 - Hickory 1 |
| TOP OF THE 4TH |
|
Lansing Lugnuts batting - Pitching for Hickory Crawdads : LHP Ramon Escobedo
|
|
Batting: LHB David Ramirez
|
0-0: Called Strike 0-1: Foul Ball, location: 2F 0-2: Foul Ball, location: 2F 0-2: Ball 1-2: Ball 2-2: Strikes out looking
|
|
Batting: RHB Luis Reyes
|
0-0: Ball 1-0: Ground out 6-3 (Groundball, 6MS, EV 88.1 MPH)
|
|
Batting: RHB Darren McCarty Jr.
|
0-0: Reaches on Catchers interference
|
|
Batting: LHB Cedric Saunders
|
0-0: Ground out 5-3 (Groundball, 56S, EV 72.5 MPH)
|
| Top of the 4th over - 0 runs, 0 hits, 1 error, 1 left on base; Lansing 0 - Hickory 1 |
| BOTTOM OF THE 4TH |
|
Hickory Crawdads batting - Pitching for Lansing Lugnuts : RHP Mike Moon
|
|
Batting: RHB Luke Stark
|
0-0: Called Strike 0-1: Foul Ball, location: 2F 0-2: Ball 1-2: Ball 2-2: Strikes out swinging
|
|
Batting: SHB Santos Renteria
|
0-0: Fly out, F4 (Line Drive, 4, EV 73.1 MPH)
|
|
Batting: RHB Adryão Anto
|
0-0: Ball 1-0: SINGLE (Line Drive, 78S, EV 88.1 MPH)
|
|
Batting: RHB Jason Sher
|
0-0: Ball 1-0: Foul Ball, location: 2F 1-1: Called Strike 1-2: Ball Adryão Anto steals 2nd base 2-2: Strikes out swinging
|
| Bottom of the 4th over - 0 runs, 1 hit, 0 errors, 1 left on base; Lansing 0 - Hickory 1 |
| TOP OF THE 5TH |
|
Lansing Lugnuts batting - Pitching for Hickory Crawdads : LHP Ramon Escobedo
|
|
Batting: LHB Dan Martinez
|
0-0: Fly out, F6 (Popup, 6M, EV 54.4 MPH)
|
|
Batting: RHB Ivan Ramirez
|
0-0: DOUBLE (Line Drive, 3D, EV 95.0 MPH)
|
|
Batting: RHB Elliot Manfredini
|
0-0: Ball 1-0: Fly out, F9 (Line Drive, 9, EV 99.4 MPH)
|
|
Batting: RHB Finn Ross
|
0-0: Foul Ball, location: 2F 0-1: Swinging Strike 0-2: Strikes out swinging
|
| Top of the 5th over - 0 runs, 1 hit, 0 errors, 1 left on base; Lansing 0 - Hickory 1 |
| BOTTOM OF THE 5TH |
|
Hickory Crawdads batting - Pitching for Lansing Lugnuts : RHP Mike Moon
|
|
Batting: LHB Franklin Quezada
|
0-0: Ball 1-0: Foul Ball, location: 2F 1-1: Foul Ball, location: 2F 1-2: Strikes out swinging
|
|
Batting: RHB Theo van Gent
|
0-0: Ball 1-0: Called Strike 1-1: Foul Ball, location: 2F 1-2: Ground out 4-3 (Groundball, 4, EV 87.5 MPH)
|
|
Batting: LHB Ben Radach
|
0-0: Ball 1-0: Ball 2-0: Ball 3-0: Ground out 3-1 (Groundball, 34S, EV 85.6 MPH)
|
| Bottom of the 5th over - 0 runs, 0 hits, 0 errors, 0 left on base; Lansing 0 - Hickory 1 |
| TOP OF THE 6TH |
|
Lansing Lugnuts batting - Pitching for Hickory Crawdads : LHP Ramon Escobedo
|
|
Batting: RHB Takanibu Kaneshiro
|
0-0: Ball 1-0: Swinging Strike 1-1: Foul Ball, location: 2F 1-2: Ground out 6-3 (Groundball, 6, EV 77.5 MPH)
|
|
Batting: LHB David Ramirez
|
0-0: Called Strike 0-1: Ball 1-1: Ball 2-1: Swinging Strike 2-2: Strikes out looking
|
|
Batting: RHB Luis Reyes
|
0-0: Fly out, F7 (Flyball, 7LD, EV 106.9 MPH)
|
| Top of the 6th over - 0 runs, 0 hits, 0 errors, 0 left on base; Lansing 0 - Hickory 1 |
| BOTTOM OF THE 6TH |
|
Hickory Crawdads batting - Pitching for Lansing Lugnuts : RHP Mike Moon
|
|
Batting: LHB Casper Kersten
|
0-0: Ball 1-0: Called Strike 1-1: Ground out 4-3 (Groundball, 4D, EV 102.5 MPH)
|
|
Batting: RHB Jason Swisher
|
0-0: Ball 1-0: Foul Ball, location: 2F 1-1: Ground out 6-3 (Groundball, 6D, EV 106.9 MPH)
|
|
Batting: RHB Luke Stark
|
0-0: Swinging Strike 0-1: Called Strike 0-2: Ball 1-2: Strikes out swinging
|
| Bottom of the 6th over - 0 runs, 0 hits, 0 errors, 0 left on base; Lansing 0 - Hickory 1 |
| TOP OF THE 7TH |
|
Lansing Lugnuts batting - Pitching for Hickory Crawdads : LHP Ramon Escobedo
|
|
Pitching: RHP Zach Snodgrass
|
|
|
Now at 2B: Jason Sher
|
|
|
Now at SS: Jose Guerrero
|
|
|
Batting: RHB Darren McCarty Jr.
|
0-0: Swinging Strike 0-1: Swinging Strike 0-2: Strikes out swinging
|
|
Pitching: LHP Logan Benson
|
|
|
Pinch Hitting: SHB Jose Garcia
|
0-0: Called Strike 0-1: Called Strike 0-2: Foul Ball, location: 2F 0-2: Strikes out swinging
|
|
Pinch Hitting: RHB Andres Lozano
|
0-0: Called Strike 0-1: Ground out 5-3 (Groundball, 5S, EV 60.6 MPH)
|
| Top of the 7th over - 0 runs, 0 hits, 0 errors, 0 left on base; Lansing 0 - Hickory 1 |
| BOTTOM OF THE 7TH |
|
Hickory Crawdads batting - Pitching for Lansing Lugnuts : RHP Mike Moon
|
|
Now at 1B: Jose Garcia
|
|
|
Now in LF: Bryan Westray
|
|
|
Batting: SHB Santos Renteria
|
0-0: Ball 1-0: Called Strike 1-1: Ball 2-1: Called Strike 2-2: Ground out 4-3 (Groundball, 4, EV 114.4 MPH)
|
|
Pitching: RHP Jordan Tejeda
|
|
|
Batting: RHB Adryão Anto
|
0-0: Ball 1-0: Ball 2-0: Ball 3-0: Called Strike 3-1: Foul Ball, location: 2F 3-2: Foul Ball, location: 2F 3-2: Ground out 6-3 (Groundball, 6, EV 84.4 MPH)
|
|
Batting: RHB Jason Sher
|
0-0: Ball 1-0: Ball 2-0: Ball 3-0: Base on Balls
|
|
Batting: LHB Franklin Quezada
|
0-0: Ball 1-0: Ball 2-0: Fly out, F9 (Flyball, 9LM, EV 90.0 MPH)
|
| Bottom of the 7th over - 0 runs, 0 hits, 0 errors, 1 left on base; Lansing 0 - Hickory 1 |
| TOP OF THE 8TH |
|
Lansing Lugnuts batting - Pitching for Hickory Crawdads : LHP Logan Benson
|
|
Pitching: RHP Harry Barnes
|
|
|
Batting: RHB Ivan Ramirez
|
0-0: Foul Ball, location: 2F 0-1: Ball 1-1: SINGLE (Groundball, 5S, EV 65.6 MPH) (infield hit)
|
|
Pinch Runner at 1st Roger Escareno:
|
|
|
Batting: RHB Elliot Manfredini
|
0-0: Called Strike 0-1: Ground out 4-3 (Groundball, 34, EV 104.4 MPH) Roger Escareno to second
|
|
Batting: RHB Finn Ross
|
0-0: Ground out 4-3 (Groundball, 4, EV 83.1 MPH) Roger Escareno to third
|
|
Batting: RHB Takanibu Kaneshiro
|
0-0: Ball 1-0: Ball 2-0: Foul Ball, location: 2F 2-1: Ball Wild Pitch! Roger Escareno scores 3-1: Ground out 6-3 (Groundball, 56D, EV 102.5 MPH)
|
| Top of the 8th over - 1 run, 1 hit, 0 errors, 0 left on base; Lansing 1 - Hickory 1 |
| BOTTOM OF THE 8TH |
|
Hickory Crawdads batting - Pitching for Lansing Lugnuts : RHP Jordan Tejeda
|
|
Pinch Hitting: LHB Nick Foutz
|
0-0: Called Strike 0-1: Called Strike 0-2: Foul Ball, location: 2F 0-2: Foul Ball, location: 2F 0-2: Ball 1-2: Strikes out swinging
|
|
Pitching: LHP Trevor Kelley
|
|
|
Batting: RHB George King
|
0-0: Swinging Strike 0-1: Ball 1-1: Ball 2-1: Swinging Strike 2-2: Strikes out swinging
|
|
Pinch Hitting: RHB Bobby Larson
|
0-0: Ball 1-0: Ball 2-0: Swinging Strike 2-1: Fly out, F7 (Flyball, 7S, EV 75.6 MPH)
|
| Bottom of the 8th over - 0 runs, 0 hits, 0 errors, 0 left on base; Lansing 1 - Hickory 1 |
| BOTTOM OF THE 9TH |
|
Hickory Crawdads batting - Pitching for Lansing Lugnuts : LHP Trevor Kelley
|
|
Batting: RHB Jason Swisher
|
0-0: Ball 1-0: Ball 2-0: Swinging Strike 2-1: Ball 3-1: Foul Ball, location: 2F 3-2: Foul Ball, location: 2F 3-2: Foul Ball, location: 2F 3-2: Strikes out swinging
|
|
Batting: RHB Jose Guerrero
|
0-0: Called Strike 0-1: Ball 1-1: Swinging Strike 1-2: Strikes out looking
|
|
Pitching: RHP Germano Nunes
|
|
|
Batting: SHB Santos Renteria
|
0-0: Fly out, F7 (Flyball, 7D, EV 105.0 MPH)
|
| Bottom of the 9th over - 0 runs, 0 hits, 0 errors, 0 left on base; Lansing 1 - Hickory 1 |
| TOP OF THE 10TH |
|
Lansing Lugnuts batting - Pitching for Hickory Crawdads : RHP Nate Nesbitt
|
|
Batting: SHB Jose Garcia
|
0-0: DOUBLE (Flyball, 89XD, EV 98.8 MPH)
|
|
Batting: RHB Bryan Westray
|
0-0: Called Strike 0-1: Swinging Strike 0-2: Ball 1-2: Ball 2-2: Strikes out looking
|
|
Batting: LHB Roger Escareno
|
0-0: Ground out 5-3 (Groundball, 5, EV 101.9 MPH)
|
|
Batting: RHB Elliot Manfredini
|
0-0: Called Strike 0-1: Called Strike 0-2: Ball 1-2: Ground out 1-3 (Groundball, 13S, EV 71.9 MPH)
|
| Top of the 10th over - 0 runs, 1 hit, 0 errors, 1 left on base; Lansing 1 - Hickory 1 |
| BOTTOM OF THE 10TH |
|
Hickory Crawdads batting - Pitching for Lansing Lugnuts : RHP Germano Nunes
|
|
Pitching: RHP Mel Schultz
|
|
|
Pinch Hitting: LHB Antonio Domingues
|
0-0: Ball 1-0: Ball 2-0: Ball 3-0: Called Strike 3-1: Base on Balls
|
|
Pinch Hitting: SHB Rich Rubio
|
0-0: Ball 1-0: Called Strike 1-1: DOUBLE (Line Drive, 89XD, EV 108.8 MPH) Antonio Domingues to third
|
|
Batting: LHB Franklin Quezada
|
0-0: Fly out, F7 (Flyball, 7D, EV 105.6 MPH) Runner from 3rd tags up, SCORES, throw by LF
|
| Bottom of the 10th over - 1 run, 1 hit, 0 errors, 0 left on base; Lansing 1 - Hickory 2 |
| |
|
Game Over ... Hickory defeats Lansing, 2 to 1
|
|
|